AoeStats
← So sad

Nomad

508469887Analyzed
3v3 RM · 8d ago on Sep 22, 2026· 34m 46s· 6 players
Game mode
Random Map
Map size
210×210
Population
200
Speed
Normal
Resources
Standard
Victory
Conquest
Starting age
Dark Age
Ending age
Imperial Age
RankedLock teamsTeams togetherTeam positionsShared explorationLock speedFull tech treeHidden civsTurbo modeCheats
Victory
Defeat
🇺🇸 Italians · United States
1492
+12
🇻🇳 Varangians · Vietnam
1360
+17
🇹🇷 Lithuanians · Türkiye
1262
+21
🇺🇦 Saxons · Ukraine
1393
-17
🇧🇾 Varangians · Belarus
1385
-17
🇧🇾 Portuguese · Belarus
1377
-16
So sad
6:11 Loom
15:48 Feudal Age
21:24 Castle Age
21:54 Town Watch
29:42 Husbandry
31:04 Fletching
HURMA
4:28 Loom
14:45 Feudal Age
16:43 Fishing Lines
20:40 Castle Age
18:55 Double-Bit Axe
19:46 Forging
20:20 Scale Mail Armor
22:13 Chain Mail Armor
23:24 Horse Collar
25:09 Gambesons
31:05 Wheelbarrow
30:16 Town Watch
30:45 Heavy Plow
32:35 Fletching
34:03 Iron Casting
NiL
4:58 Loom
12:53 Feudal Age
17:01 Castle Age
15:31 Fletching
15:52 Double-Bit Axe
17:28 Town Watch
19:57 Wheelbarrow
19:04 Fishing Lines
19:40 Scale Mail Armor
20:35 Bow Saw
22:01 Forging
25:18 Horse Collar
26:05 Bodkin Arrow
28:31 Ballistics
27:52 Treadmill Crane
28:23 Masonry
30:04 Squires
29:50 Gambesons
30:23 Chain Mail Armor
33:32 Iron Casting
BungaloBones
5:00 Loom
13:16 Feudal Age
14:40 Fishing Lines
18:08 Castle Age
17:14 Fletching
18:31 Double-Bit Axe
18:29 Horse Collar
19:06 Medium Warships
18:54 Bodkin Arrow
19:58 Gillnets
23:02 Wheelbarrow
22:43 Bow Saw
26:24 Hand Cart
30:32 Town Watch
31:00 Gold Mining
31:00 Stone Mining
32:21 Redemption
33:11 Heavy Plow
36:19 Imperial Age
34:56 Padded Archer Armor
35:20 Ballistics
34:42 Treadmill Crane
35:13 Masonry
bayirm17
6:08 Loom
13:00 Feudal Age
13:36 Double-Bit Axe
13:39 Fishing Lines
20:40 Castle Age
18:21 Horse Collar
18:51 Stone Mining
18:52 Gold Mining
21:42 Bow Saw
21:48 Heavy Plow
21:41 Gillnets
23:20 Wheelbarrow
25:52 Hand Cart
33:21 Imperial Age
32:12 Scale Barding Armor
32:17 Forging
32:00 Town Watch
34:14 Chain Barding Armor
34:29 Iron Casting
34:05 Husbandry
34:57 Conscription
35:16 Bloodlines
8co
5:01 Loom
13:36 Feudal Age
18:20 Castle Age
16:19 Double-Bit Axe
16:56 Scale Mail Armor
17:30 Forging
20:24 Squires
21:25 Town Watch
22:50 Medium Warships
23:24 Town Watch
23:35 Gambesons
27:09 Chain Mail Armor
30:30 Wheelbarrow
29:40 Horse Collar
Connection lost

Rejoining the realm…

Still unreachable

The connection could not be restored.

Session expired

The server has moved on; the page needs a fresh start.